 Dungeon Crawl Stone Soup version 0.20.1-1-g8b1a95d (webtiles) character file.

230 Mesmaeker13 the Charmwright (level 5, -8/41 HPs)
             Began as a Draconian Skald on Aug 27, 2017.
             Mangled by an ogre
             ... wielding a +0 giant club
              (13 damage)
             ... on level 3 of the Dungeon.
             The game lasted 00:07:17 (4407 turns).

Mesmaeker13 the Charmwright (Draconian Skald)       Turns: 4407, Time: 00:07:18

Health: -8/41      AC:  5    Str: 14    XL:     5   Next: 72%
Magic:  5/8        EV: 12    Int: 14    God:
Gold:   61         SH:  0    Dex: 10    Spells: 0/8 levels left

rFire    . . .     SeeInvis .   j - +0 flail
rCold    . . .     Gourm    .   (no shield)
rNeg     . . .     Faith    .   (armour unavailable)
rPois    .         Spirit   .   (helmet restricted)
rElec    .         Reflect  .   (no cloak)
rCorr    .         Harm     .   (no gloves)
MR       .....                  (no boots)
Stlth    +.........             (no amulet)
Regen    0.2/turn               (no ring)
MPRegen  0.2/turn               (no ring)

@: infused
A: unfitting armour, cold-blooded, AC +5
a: no special abilities


You were on level 3 of the Dungeon.
You were hungry.

You visited 1 branch of the dungeon, and saw 4 of its levels.

You collected 61 gold pieces.

Inventory:

Hand Weapons
 j - a +0 flail (weapon)
Armour
 d - a +0 buckler
Scrolls
 e - a scroll of fear
 g - a scroll of teleportation
 k - 2 scrolls of magic mapping {unknown}
 l - a scroll of enchant armour {unknown}
 p - a scroll of amnesia {unknown}
Potions
 f - a potion of cancellation
 h - 3 potions of flight
 i - 2 potions of curing
 n - a potion of mutation {unknown}
 q - a potion of lignification {unknown}
Books
 b - a book of Battle

   Spells                             Type                      Level
   a - Infusion                       Charms                       1
   b - Shroud of Golubria             Charms/Translocation         2
   c - Song of Slaying                Charms                       2
   d - Spectral Weapon                Hexes/Charms                 3
   e - Regeneration                   Charms/Necromancy            3
Comestibles
 c - a bread ration
 m - a meat ration
 o - 2 chunks of flesh


   Skills:
 - Level 2.1 Fighting
 + Level 3.7 Maces & Flails
 - Level 2.7 Dodging
 + Level 1.8 Shields
 - Level 2.0 Spellcasting
 + Level 3.7 Charms
 + Level 2.1 Translocations


You couldn't memorise any spells.
You knew the following spells:

 Your Spells              Type           Power        Failure   Level  Hunger
a - Infusion              Chrm           ##..         4%          1    ##.....
b - Shroud of Golubria    Chrm/Tloc      #.........   11%         2    ###....
c - Song of Slaying       Chrm           ##......     8%          2    ###....
d - Regeneration          Chrm/Necr      #.........   32%         3    ####...


Dungeon Overview and Level Annotations

Branches:
Dungeon (4/15)             Temple (0/1) D:4

Altars:
Cheibriados
Elyvilon
Okawaru
Vehumet
Yredelemnul

Annotations:
D:3 ceb's ghost, amateur DsGl


Innate Abilities, Weirdness & Mutations

Your plain brown scales are hard. (AC +5)
You cannot fit into any form of body armour.
You are cold-blooded and may be slowed by cold attacks.


Message History

You see here a frilled lizard skeleton.
You hear the brisk rusting of a very distant drain.
You are feeling hungry.
There is a stone staircase leading up, spattered with blood here.
The ogre hits you with a giant club!
You climb upwards.
Level annotation: ceb's ghost, amateur DsGl
There is a stone staircase leading down here.
Casting: Shroud of Golubria
Confirm with . or Enter, or press ? or * to list all spells.
Space distorts slightly along a thin shroud covering your body.
Casting: Shroud of Golubria
Confirm with . or Enter, or press ? or * to list all spells.
You begin infusing your attacks with magical energy.
The ogre hits you with a giant club.
You barely miss the ogre. The ogre hits you with a giant club!
* * * LOW HITPOINT WARNING * * *
Your shroud falls apart!
You closely miss the ogre. The ogre hits you with a giant club!
You die...

... ... #.# #.#
#(############
#.............
#..#########..
#$########..#
#.#
#.....@Oo#..#
#.#
########[#..#
#.# #.#..#
#####.# #.#..#
#.>...#
#....#####.#####
#..(.....#.# #
#....###.#.#####
#........[......
####............


You could see an ogre and an orc.

Vanquished Creatures
  2 worker ants (D:4)
  3 orc wizards
  3 adders
  A worm (D:2)
  5 dart slugs
  8 orcs
  6 bats
  2 giant cockroaches
  4 goblins
  5 hobgoblins
  6 jackals (D:1)
  7 frilled lizards
  6 kobolds
  A leopard gecko skeleton (D:4)
  4 rats
63 creatures vanquished.

Notes
Turn   | Place    | Note
-------+----------+-------------------------------------------
     0 | D:1      | Mesmaeker13 the Draconian Skald began the quest for the Orb.
     0 | D:1      | Reached XP level 1. HP: 17/17 MP: 3/3
   842 | D:1      | Found a snail-covered altar of Cheibriados.
   845 | D:1      | Reached XP level 2. HP: 24/24 MP: 5/5
  1045 | D:1      | Learned a level 2 spell: Song of Slaying
  1522 | D:1      | Reached XP level 3. HP: 29/29 MP: 6/6
  2057 | D:2      | Found a radiant altar of Vehumet.
  2157 | D:2      | Found a white marble altar of Elyvilon.
  2208 | D:2      | Learned a level 2 spell: Shroud of Golubria
  2919 | D:2      | Found a basalt altar of Yredelemnul.
  3156 | D:3      | Reached XP level 4. HP: 36/36 MP: 2/7
  3323 | D:3      | Reached skill level 1 in Translocations
  3616 | D:3      | Noticed ceb's ghost (amateur DsGl)
  3872 | D:3      | Reached skill level 1 in Shields
  3931 | D:4      | Reached XP level 5. HP: 25/41 MP: 2/8
  3936 | D:4      | Learned a level 3 spell: Regeneration
  4001 | D:4      | Noticed an ogre
  4329 | D:4      | Found an iron altar of Okawaru.
  4353 | D:4      | Found a staircase to the Ecumenical Temple.
  4353 | D:4      | Noticed a phantom
  4407 | D:3      | Mangled by an ogre

Skill      XL: |  1  2  3  4  5 |
---------------+----------------+-----
Charms         | 3 |  3.7
Maces & Flails | 3 |  3.7
Translocations | 1 2 |  2.1
Shields        | 1 |  1.8
Fighting       | |  2.1
Dodging        | |  2.7
Spellcasting   | |  2.0

Action                   |  1- 3 |  4- 6 || total
-------------------------+-------+-------++-------
Melee: Mace              |   141 |     9 ||   150
       Tailslap          |    10 |     6 ||    16
       Flail             |       |    70 ||    70
 Cast: Infusion          |    10 |     7 ||    17
       Shroud of Golubri |     3 |     7 ||    10
       Song of Slaying   |       |     1 ||     1
       Regeneration      |       |     2 ||     2
  Use: Scroll            |     5 |     1 ||     6
  Eat: Chunk             |     6 |     2 ||     8
       Bread ration      |     1 |       ||     1
Armor: Skin              |    44 |    24 ||    68
Dodge: Dodged            |   111 |    56 ||   167
